 Dungeon Crawl Stone Soup version 0.30-a0-465-g8901f6c8b5 (webtiles) character file.

Game seed: 4381421998870014611

54 oldriver the Vexing (level 3, 0/43 HPs)
             Began as a Barachi Hexslinger on Dec 18, 2022.
             Slain by Terence
             ... wielding a +0 flail
              (5 damage)
             ... on level 3 of the Dungeon.
             The game lasted 00:01:31 (1198 turns).

oldriver the Vexing (Barachi Hexslinger)            Turns: 1198, Time: 00:01:32

Health: 0/43       AC: 21    Str: 11    XL:     3   Next: 91%
Magic:  4/4        EV:  2    Int: 13    God:
Gold:   94         SH:  0    Dex: 14    Spells: 3/4 levels left

rFire   . . .      SeeInvis .    a - +1 sling
rCold   . . .      Faith    .    (no shield)
rNeg    . . .      Spirit   .    (body armour currently unavailable)
rPois   +          Reflect  .    (helmet currently unavailable)
rElec   .          Harm     .    (cloak currently unavailable)
rCorr   .          Rampage  .    (gloves currently unavailable)
Will    .....      NoTele   +    (boots currently unavailable)
Stlth   +.........               (no amulet)
HPRegen 0.27/turn                (no ring)
MPRegen 0.09/turn                (no ring)

@: mighty, tree-form, unable to hop, hasted, very quick
A: stationary, stasis, torment immunity, boosted hp, (amphibious), (slowness 1),
(strong legs 1), +LOS
a: no special abilities


You were on level 3 of the Dungeon.
You were a tree.
You visited 1 branch of the dungeon, and saw 3 of its levels.

You collected 94 gold pieces.

Inventory:

Hand Weapons
 a - a +1 sling (weapon)
Armour
 c - a +0 robe
 p - a +0 scale mail (melded)
Jewellery
 q - a +4 ring of evasion
Wands
 m - a wand of flame (24)
Scrolls
 b - 2 scrolls of poison
 d - a scroll of teleportation {unknown}
 f - a scroll of identify {unknown}
 g - a scroll of noise {unknown}
 h - a scroll of torment {unknown}
 o - a scroll of vulnerability {unknown}
Potions
 j - a potion of magic
 n - a potion of curing {unknown}


   Skills:
 + Level 3.1 Fighting
 + Level 3.1 Ranged Weapons
 + Level 0.6 Armour
 - Level 2.1 Dodging
 - Level 1.1 Spellcasting
 - Level 3.2 Hexes


You had 3 spell levels left.
You knew the following spells:

 Your Spells              Type           Power      Damage    Failure   Level
a - Slow                  Hex            36%        N/A       8%          1

Your spell library contained the following spells:

 Spells                   Type           Power      Damage    Failure   Level
 Magic Dart               Conj           0%         1d3       28%         1
 Call Imp                 Summ           0%         N/A       38%         2
 Inner Flame              Hex/Fire       4%         N/A       38%         3
 Portal Projectile        Hex/Tloc       8%         N/A       38%         3
 Mephitic Cloud           Conj/Pois/Air  0%         N/A       63%         3
 Cause Fear               Hex            4%         N/A       58%         4


Dungeon Overview and Level Annotations

Branches:
Dungeon (3/15)

Altars:

Annotations:
D:3 Terence


Innate Abilities, Weirdness & Mutations

You are a tree.
Your roots penetrate the ground, keeping you stationary.
You cannot be teleported.
You are immune to unholy pain and torment.
Your maximum health is greatly increased.
Your equipment is partially melded.
((You are amphibious.))
((You cover ground slowly.))
((You can hop short distances.))
You have an extended range of vision and can be seen from far away.


Message History

Press: ? - help, Dir - move target, p - Terence Boing!
Unknown command.
You shoot a sling bullet. The sling bullet hits Terence.
Terence is lightly wounded.
You shoot a sling bullet.
The sling bullet hits Terence but does no damage.
Terence hits you with a +0 flail.
You are too injured to fight recklessly!
You are too injured to fight recklessly!
You are too injured to fight recklessly!
It was a potion of magic.
Magic courses through your body. Terence hits you but does no damage.
It was a potion of flight.
You feel very buoyant.
You fly up into the air.
Terence barely misses you.
It was a potion of might.
You feel very mighty all of a sudden. Terence closely misses you.
Fire: a) +1 sling
Press: ? - help, Shift-Dir - straight line, f/p - Terence
Aim: Terence, wielding a +0 flail and wearing a +0 scale mail (63% to hit)
You shoot a sling bullet. The sling bullet barely misses Terence.
The sling bullet barely misses the adder.
Terence hits you with a +0 flail!
Unknown command.
Fire: a) +1 sling
Press: ? - help, Shift-Dir - straight line, f/p - Terence
Aim: Terence, wielding a +0 flail and wearing a +0 scale mail (63% to hit)
You shoot a sling bullet. The sling bullet hits Terence.
Terence is lightly wounded.
Terence hits you with a +0 flail.
* * * LOW HITPOINT WARNING * * *
Terence hits you but does no damage.
It was a potion of lignification.
You turn into a tree.
Your +0 scale mail melds into your body.
Your roots penetrate the ground.
Terence barely misses you.
It was a potion of haste.
You feel yourself speed up. Terence hits you with a +0 flail.
You die...

#...........
#...........
#..†........
#.†.....)...
###)####.... #.#
###### #S# #.....
#@# #.#### #♣# #.#
# #.# #.# # #.#
#.# # #.# #.# #
#.# #.#### #.#
#...##
#.#############.##
#...............##
#.#############.##


You could see Terence and an adder.

Vanquished Creatures
  2 adders
  A worm (D:2)
  4 ball pythons
  4 endoplasms
  A giant cockroach (D:1)
  3 hobgoblins
  2 jackals (D:3)
  4 quokkas
  2 bats
  5 frilled lizards
  A goblin (D:1)
  3 kobolds
  2 rats (D:2)
34 creatures vanquished.

Notes
Turn   | Place    | Note
-------+----------+-------------------------------------------
     0 | D:1      | oldriver the Barachi Hexslinger began the quest for the
                  | Orb.
     0 | D:1      | Reached XP level 1. HP: 15/15 MP: 2/2
   186 | D:1      | Reached XP level 2. HP: 22/22 MP: 3/3
   562 | D:2      | Reached XP level 3. HP: 28/28 MP: 4/4
  1165 | D:3      | Noticed Terence
  1198 | D:3      | Slain by Terence

Illustrated notes

Levels and vault maps discovered:
D:1:      wander_arrival_chamber, layout_basic
D:2:      layout_basic, item_on_display_a
D:3:      layout_basic, uniq_grinder, uniq_ijyb, uniq_terence

Skill      XL: |  1  2  3 |
---------------+----------+-----
Fighting       | 2 3 |  3.1
Ranged Weapons | 3 |  3.1
Armour         | |  0.6
Dodging        | |  2.1
Spellcasting   | |  1.1
Hexes          | |  3.2

Action                   || total
-------------------------++-------
 Fire: Sling             ||   131
 Abil: Hop               ||     6
  Use: Potion            ||     5
Armor: Robe              ||     7
       Scale mail        ||    19
Dodge: Dodged            ||    46

Table legend: (Time is in decaauts)
 A = Elapsed time spent in this place.
 B = Non-inter-level travel time spent in this place.
 C = Inter-level travel time spent in this place.
 D = Time resting spent in this place.
 E = Time spent auto-exploring this place.
 F = Levels seen in this place.
 G = Mean time per level.
                   A        B        C        D        E       F      G
               +--------+--------+--------+--------+--------+-----+--------+
         Total |   1425 |   1324 |    101 |      0 |   1056 |   3 |  475.0 |
       Dungeon |   1425 |   1324 |    101 |      0 |   1056 |   3 |  475.0 |
               +--------+--------+--------+--------+--------+-----+--------+

Top non-repeatable levels by time:
     D:2: 694 daAuts
     D:1: 599 daAuts
     D:3: 131 daAuts
